 Dungeon Crawl Stone Soup version 0.29.0-4-gdea44cf6ec (webtiles) character file.

Game seed: 6207876185081607893

112 experimilk the Chiller (level 4, 0/35 HPs)
             Began as a Draconian Ice Elementalist on Aug 27, 2022.
             Killed by divine providence
             ... invoked by an orc priest
              (17 damage)
             ... on level 3 of the Dungeon.
             The game lasted 00:07:57 (3178 turns).

experimilk the Chiller (Draconian Ice Elementalist) Turns: 3178, Time: 00:07:58

Health: 0/35       AC:  5    Str: 10    XL:     4   Next: 64%
Magic:  5/8        EV: 12    Int: 18    God:
Gold:   47         SH:  0    Dex: 11    Spells: 1/8 levels left

rFire   . . .      SeeInvis .   c - +0 dagger
rCold   . . .      Faith    .   (no shield)
rNeg    . . .      Spirit   .   (body armour unavailable)
rPois   .          Reflect  .   (helmet restricted)
rElec   .          Harm     .   (no cloak)
rCorr   .          Rampage  .   (no gloves)
Will    .....                   (no boots)
Stlth   ++........              (no amulet)
HPRegen 0.11/turn               (no ring)
MPRegen 0.11/turn               (no ring)

@: freezing walls
A: AC +5, unfitting armour, cold-blooded
a: no special abilities


You were on level 3 of the Dungeon.
You visited 1 branch of the dungeon, and saw 3 of its levels.

You collected 95 gold pieces.
You spent 48 gold pieces at shops.

Inventory:

Hand Weapons
 c - a +0 dagger (weapon)
Scrolls
 b - 2 scrolls of torment {unknown}
 e - 3 scrolls of enchant armour {unknown}
 f - 3 scrolls of identify {unknown}
 g - a scroll of summoning {unknown}
 j - a scroll of silence {unknown}
 k - a scroll of vulnerability {unknown}
 l - a scroll of acquirement {unknown}
 n - a scroll of enchant weapon {unknown}
Potions
 a - a potion of magic
 h - 3 potions of ambrosia {unknown}
 i - 2 potions of might
 m - a potion of curing {unknown}


   Skills:
 + Level 1.4 Fighting
 - Level 1.7 Dodging
 - Level 1.7 Stealth
 + Level 2.9 Spellcasting
 * Level 5.3 Ice Magic


You had one spell level left.
You knew the following spells:

 Your Spells              Type           Power      Damage    Failure   Level
a - Freeze                Ice            84%        1d10      1%          1
b - Frozen Ramparts       Ice            42%        1d7       5%          3
c - Ozocubu's Armour      Ice            21%        N/A       5%          3

Your spell library contained the following spells:

 Spells                   Type           Power      Damage    Failure   Level
 Foxfire                  Conj/Fire      8%         2x1d4     17%         1
 Sandblast                Erth           4%         2d4       17%         1
 Passwall                 Tmut/Erth      1%         N/A       26%         2
 Conjure Flame            Conj/Fire      2%         6-21      45%         3
 Inner Flame              Hex/Fire       2%         N/A       45%         3
 Stone Arrow              Conj/Erth      4%         3d7       45%         3
 Hailstorm                Conj/Ice       12%        3d5       50%         4
 Flame Wave               Conj/Fire      2%         2d4       86%         4


Dungeon Overview and Level Annotations

Branches:
Dungeon (3/15)

Altars:

Shops:
D:2 [   D:3 *(


Innate Abilities, Weirdness & Mutations

Your plain brown scales are hard. (AC +5)
You cannot fit into any form of body armour.
You are cold-blooded and may be slowed by cold attacks.


Message History

You open the door.
There is an open door here.
An orc priest comes into view. It is wielding a +0 club.
The orc priest shouts!
An orc priest comes into view. It is wielding a +0 whip.
You see here 13 gold pieces.
You now have 47 gold pieces (gained 13).
An orc comes into view. It is wielding a +0 flail.
The orc priest mumbles some strange prayers to Beogh against you.
Beogh smites you!
You hear a shout!
There is an open door here.
You close the door.
The orc priest casts a cantrip, but nothing happens.
The orc priest miscasts a cantrip.
Something unseen opens the door.
Found a potion of heal wounds.
The orc priest mumbles some strange prayers to Beogh against you.
Beogh smites you!
* * * LOW HITPOINT WARNING * * *
You feel much better.
Casting: Ozocubu's Armour (dangerous; 5% risk of failure)
Confirm with . or Enter, or press ? or * to list all spells.
You can't see any susceptible monsters within range! (Use Z to cast anyway.)
Casting: Ozocubu's Armour (dangerous; 5% risk of failure)
Confirm with . or Enter, or press ? or * to list all spells.
Casting: Frozen Ramparts (dangerous; 5% risk of failure)
Press: ? - help, Dir - look around, f - activate The walls around you are covered in ice.
The wall freezes the orc priest.
The orc priest calls down the wrath of Beogh upon you.
Beogh smites you!
The wall freezes the orc priest.
The wall freezes the orc priest.
The orc priest looks encouraged for a moment.
The wall freezes the orc priest.
The wall freezes the orc priest.
The orc priest invokes the aid of Beogh against you.
Beogh smites you!
You die...

.###.####.'∩+........######......
.# #.# #.#+#......∩.# #..oo.. .#
#.####.÷......>...######...... .#
#.##.†.....)......[..)........ .#
#....#............#######'#'## .#
#....########o......o.....o.# #
#....# #o###########.### #....#
#.# #.# #....# #@# #.# #....# #.#
#+# #....# #.# .....# #.# ##.####
#.# .!# ..# ..#


You could see 2 orc priests.

Vanquished Creatures
  Natasha (D:2)
  A gnoll (D:3)
  2 adders
  A worm (D:2)
  3 dart slugs
  3 ball pythons
  6 endoplasms
  A giant cockroach (D:2)
  4 goblins
  4 hobgoblins
  5 jackals
  7 kobolds
  3 bats
  5 frilled lizards
  2 rats
48 creatures vanquished.

Vanquished Creatures (others)
  5 plants (D:1)
5 creatures vanquished.

Grand Total: 53 creatures vanquished

Notes
Turn   | Place    | Note
-------+----------+-------------------------------------------
     0 | D:1      | experimilk the Draconian Ice Elementalist began the quest
                  | for the Orb.
     0 | D:1      | Reached XP level 1. HP: 14/14 MP: 3/3
   178 | D:1      | Reached XP level 2. HP: 20/20 MP: 3/5
   217 | D:1      | You fall into a shaft and drop 1 floor!
  1087 | D:2      | Reached XP level 3. HP: 26/26 MP: 4/6
  1255 | D:1      | Learned a level 3 spell: Frozen Ramparts
  1490 | D:2      | Found Bugaorub's Antique Armour Emporium.
  1772 | D:2      | Learned a level 3 spell: Ozocubu's Armour
  1964 | D:2      | Found a faded altar of an unknown god.
  2346 | D:2      | Noticed Natasha
  2359 | D:2      | Killed Natasha
  2360 | D:2      | Reached skill level 1 in Fighting
  2360 | D:2      | Reached skill level 5 in Ice Magic
  2360 | D:2      | Reached XP level 4. HP: 29/35 MP: 0/8
  2953 | D:3      | Found Gyamut's General Store.
  2957 | D:3      | Bought a potion of might for 48 gold pieces
  3028 | D:3      | Found Lin Aveu's Weapon Boutique.
  3178 | D:3      | Killed from afar by an orc priest

Illustrated notes

Levels and vault maps discovered:
D:1:      dpeg_arrival_short_road, layout_rooms, serial_forest,
          infiniplex_forest_end_double, infiniplex_forest_lined_room_2,
          infiniplex_forest_lined_room_2, infiniplex_forest_corner_1,
          infiniplex_forest_lined_room_, infiniplex_forest_clump_double,
          infiniplex_forest_clump_large, minmay_pentomino_u2
D:2:      layout_loops_corners, serial_shops, shop,
          hellmonk_ecumenical_altar_blasted, minmay_misc_feat_cross,
          uniq_natasha
D:3:      layout_basic, serial_shops, shop_statue, nicolae_shop_stone, shop,
          nicolae_shop_behind_doors

Skill      XL: |  1  2  3 |
---------------+----------+-----
Fighting       | 1 |  1.4
Ice Magic      | 5 |  5.3
Dodging        | |  1.7
Stealth        | |  1.7
Spellcasting   | |  2.9

Action                   |  1- 3 |  4- 6 || total
-------------------------+-------+-------++-------
Melee: Dagger            |   198 |     3 ||   201
       Tailslap          |    50 |       ||    50
       Punch             |     5 |     1 ||     6
 Cast: Freeze            |    32 |     4 ||    36
       Frozen Ramparts   |    11 |     5 ||    16
       Ozocubu's Armour  |     2 |     2 ||     4
  Use: Potion            |       |     1 ||     1
 Stab: Sleeping          |     1 |       ||     1
Armor: Skin              |    19 |     2 ||    21
Dodge: Dodged            |    31 |     5 ||    36
